AoeStats
← Seamen Merle Dixon

Arabia

505604154Analyzed
1v1 RM · 22d ago on Sep 10, 2026· 40m 51s· 2 players
Game mode
Random Map
Map size
Tiny (2 player)
Population
200
Speed
Normal
Resources
Standard
Victory
Conquest
Starting age
Dark Age
Ending age
Imperial Age
RankedLock teamsTeams togetherTeam positionsShared explorationLock speedFull tech treeHidden civsTurbo modeCheats
Victory
Defeat
🇭🇺 Lithuanians · Hungary
1102
+14
🇩🇪 Spanish · Germany
1068
-14
CsabiST
6:17 Loom
9:27 Feudal Age
9:58 Double-Bit Axe
13:51 Forging
15:56 Gold Mining
17:48 Horse Collar
21:00 Castle Age
19:20 Fletching
20:24 Padded Archer Armor
21:03 Crossbowman
23:46 Thumb Ring
25:48 Sanctity
28:02 Fervor
30:19 Bodkin Arrow
31:33 Ballistics
31:30 Leather Archer Armor
31:51 Iron Casting
36:28 Scale Barding Armor
37:58 Husbandry
40:42 Wheelbarrow
39:52 Town Watch
Seamen Merle Dixon
11:10 Feudal Age
9:49 Loom
21:26 Castle Age
19:58 Double-Bit Axe
25:14 Scale Barding Armor
25:19 Forging
28:33 Husbandry
28:44 Bloodlines
29:37 Light Cavalry
30:57 Horse Collar
32:15 Sanctity
32:09 Fervor
33:46 Wheelbarrow
33:23 Atonement
34:46 Gold Mining
38:19 Hand Cart
Connection lost

Rejoining the realm…

Still unreachable

The connection could not be restored.

Session expired

The server has moved on; the page needs a fresh start.